 Dungeon Crawl Stone Soup version 0.30.0-17-ge0270778cf (webtiles) character file.

Game seed: 10447602833052000119

44 Brutalitops the Vexing (level 3, -5/29 HPs)
             Began as an Armataur Hexslinger on May 21, 2023.
             Slain by a gnoll
             ... wielding a +0 flail
              (10 damage)
             ... on level 2 of the Dungeon.
             The game lasted 00:05:59 (1509 turns).

Brutalitops the Vexing (Armataur Hexslinger)        Turns: 1509, Time: 00:06:02

Health: -5/29      AC:  4    Str: 11 (15) XL:     3   Next: 41%
Magic:  5/5        EV:  9    Int: 13 (15) God:
Gold:   64         SH:  0    Dex:  4 (10) Spells: 3/4 levels left

rFire   . . .        a - +1 sling
rCold   . . .        (no shield)
rNeg    . . .        c - +0 robe
rPois   .            (no helmet)
rElec   .            (no cloak)
rCorr   .            (no gloves)
SInv    .            (no barding)
Will    .....        (no amulet)
Stlth   +            (no ring)
HPRegen 0.24/turn    (no ring)
MPRegen 0.09/turn

%: roll
@: no status effects
A: large, rugged brown scales 3, deformed body, armoured tail, roll, long
tongue, awkward tongue
a: no special abilities


You were on level 2 of the Dungeon.
You visited 1 branch of the dungeon, and saw 2 of its levels.

You collected 64 gold pieces.

Inventory:

Hand Weapons
 a - a +1 sling (weapon)
 e - a +0 club
 f - a +0 whip
Armour
 c - a +0 robe (worn)
Scrolls
 b - a scroll of poison
 h - a scroll of noise {unknown}
 k - a scroll of fear {unknown}
 l - a scroll of teleportation {unknown}
Potions
 d - a potion of resistance
 i - a potion of lignification


   Skills:
 + Level 1.1 Fighting
 + Level 2.1 Ranged Weapons
 + Level 1.5 Dodging
 + Level 1.3 Spellcasting
 + Level 3.1 Hexes


You had 3 spell levels left.
You knew the following spells:

 Your Spells              Type           Power      Damage    Failure   Level
a - Slow                  Hex            36%        N/A       8%          1

Your spell library contained the following spells:

 Spells                   Type           Power      Damage    Failure   Level
 Inner Flame              Hex/Fire       4%         N/A       41%         3
 Portal Projectile        Hex/Tloc       8%         N/A       41%         3
 Cause Fear               Hex            4%         N/A       58%         4


Dungeon Overview and Level Annotations

Branches:
Dungeon (2/15)

Altars:


Innate Abilities, Weirdness & Mutations

You are completely covered in rugged brown scales. (AC +3, +7% HP)
Armour fits poorly on your strangely shaped body.
You have a long armoured tail.
You roll when moving toward enemies. (Rampage)
Your long tongue fully drains potion bottles. (2x potion effects)
Your tongue gives you trouble enunciating. (1.5x scroll delay)


Message History

The gnoll hits you with a +0 flail.
* * * LOW HITPOINT WARNING * * *
Unknown command.
Fire: a) +1 sling
Press: ? - help, Shift-Dir - straight line, f/p - gnoll
Aim: a gnoll, wielding a +0 flail (lightly wounded, 52% to hit)
You shoot a sling bullet. The sling bullet hits the gnoll.
The gnoll is moderately wounded.
The gnoll barely misses you. The gnoll hits you with a +0 flail.
* * * LOW HITPOINT WARNING * * *
Unknown command.
Fire: a) +1 sling
Press: ? - help, Shift-Dir - straight line, f/p - gnoll
Aim: a gnoll, wielding a +0 flail (moderately wounded, 52% to hit)
You shoot a sling bullet.
The sling bullet closely misses the gnoll.
The gnoll closely misses you.
Fire: a) +1 sling
Press: ? - help, Shift-Dir - straight line, f/p - gnoll
Aim: a gnoll, wielding a +0 flail (moderately wounded, 52% to hit)
You shoot a sling bullet.
The sling bullet closely misses the gnoll.
The gnoll closely misses you.
Fire: a) +1 sling
Press: ? - help, Shift-Dir - straight line, f/p - gnoll
Aim: a gnoll, wielding a +0 flail (moderately wounded, 52% to hit)
You shoot a sling bullet.
The sling bullet barely misses the gnoll.
The gnoll hits you with a +0 flail.
* * * LOW HITPOINT WARNING * * *
The gnoll hits you with a +0 flail.
* * * LOW HITPOINT WARNING * * *
Unknown command.
Fire: a) +1 sling
Press: ? - help, Shift-Dir - straight line, f/p - gnoll
Aim: a gnoll, wielding a +0 flail (moderately wounded, 52% to hit)
You shoot a sling bullet.
The sling bullet barely misses the gnoll.
The gnoll hits you with a +0 flail!
You die...

#.#.$....g. #.#.#.#### .#
#...#.#..##.# .......
########...g!....# .......
#...........###..# .......
#.##...#.........# .......
#...........##...# .......
#..#...#..#..#g..##.......
#.........#....@.....)....
##.#######.##.............g
...# ..##>...###......g
#### ####.##.# ....... .#
#.##.# ####### .# #.##.. .#
#.####### ## #.......# #
##########.##


You could see a gnoll.

Vanquished Creatures
  2 gnolls (D:1)
  4 ball pythons (D:1)
  An endoplasm (D:1)
  A giant cockroach (D:1)
  5 goblins
  A hobgoblin (D:2)
  5 kobolds (D:1)
  A quokka (D:1)
  A bat (D:1)
  2 frilled lizards (D:1)
  A rat (D:1)
24 creatures vanquished.

Notes
Turn   | Place    | Note
-------+----------+-------------------------------------------
     0 | D:1      | Brutalitops the Armataur Hexslinger began the quest for the
                  | Orb.
     0 | D:1      | Reached XP level 1. HP: 16/16 MP: 2/2
   112 | D:1      | Reached skill level 3 in Hexes
   123 | D:1      | Reached XP level 2. HP: 13/23 MP: 0/3
   529 | D:1      | Reached skill level 1 in Fighting
  1439 | D:1      | Reached XP level 3. HP: 4/29 MP: 2/4
  1509 | D:2      | Slain by a gnoll

Illustrated notes

Levels and vault maps discovered:
D:1:      wander_arrival_chamber, layout_basic, chequers_serial_rivers_large_a,
          interstate_on_off, minmay_misc_feat_encased, minmay_tiny_reverse_x
D:2:      layout_basic

Skill      XL: |  1  2 |
---------------+-------+-----
Hexes          | 3 |  3.1
Fighting       | 1 |  1.1
Ranged Weapons | 2 |  2.1
Dodging        | |  1.5
Spellcasting   | |  1.3

Action                     || total
---------------------------++-------
   Fire: Sling             ||   122
   Cast: Slow              ||    28
    Use: Potion            ||     3
         Scroll            ||     1
 Armour: Robe              ||    26
         Skin              ||    25
  Dodge: Dodged            ||    44
